 Dungeon Crawl Stone Soup version 0.31-a0-257-gf185e81a89 (webtiles) character file.

Game seed: 16843903933978894884

238 qw the Shooter (level 5, -8/45 HPs)
             Began as a Minotaur Hexslinger on July 12, 2023.
             Mangled by Edmund
             ... wielding a +2 dire flail of holy wrath
              (11 damage)
             ... on level 4 of the Dungeon.
             The game lasted 00:00:53 (2425 turns).

qw the Shooter (Minotaur Hexslinger)                Turns: 2425, Time: 00:00:53

Health: -8/45      AC:  6    Str: 13    XL:     5   Next: 78%
Magic:  5/5        EV: 11    Int: 10    God:
Gold:   167        SH:  0    Dex: 14    Spells: 5/6 levels left

rFire   . . .        Y - +1 sling
rCold   + . .        (no shield)
rNeg    + . .        f - +0 ring mail
rPois   .            (helmet restricted)
rElec   .            (no cloak)
rCorr   .            h - +0 pair of gloves
SInv    .            (no boots)
Will    .....        c - amulet of faith
Stlth   +            b - ring of protection from cold
HPRegen 0.27/turn    d - ring of positive energy
MPRegen 0.09/turn

%: faith
@: no status effects
A: horns 2, retaliatory headbutt
a: no special abilities


You were on level 4 of the Dungeon.
You visited 1 branch of the dungeon, and saw 4 of its levels.

You collected 167 gold pieces.


Innate Abilities, Weirdness & Mutations

You have a pair of horns on your head.
You reflexively headbutt those who attack you in melee.


   Skills:
 + Level 3.0 Fighting
 - Level 6.1 Ranged Weapons
 - Level 1.0 Armour
 - Level 2.1 Dodging
 - Level 1.0 Spellcasting
 - Level 2.0 Hexes


You had 5 spell levels left.
You knew the following spells:

 Your Spells              Type           Power      Damage    Failure   Level
a - Slow                  Hex            16%        N/A       32%         1

Your spell library contained the following spells:

 Spells                   Type           Power      Damage    Failure   Level
 Inner Flame              Hex/Fire       2%         N/A       82%         3
 Portal Projectile        Hex/Tloc       4%         N/A       82%         3
 Cause Fear               Hex            2%         N/A       97%         4

Inventory:

Hand Weapons
 Y - a +1 sling (weapon)
Armour
 f - a +0 ring mail (worn)
 h - a +0 pair of gloves (worn)
Jewellery
 b - a ring of protection from cold (left hand)
 c - an amulet of faith (around neck)
 d - a ring of positive energy (right hand)
Scrolls
 a - a scroll of identify
Potions
 e - a potion of heal wounds {unknown}
 g - a potion of resistance {unknown}

Dungeon Overview and Level Annotations

Branches:
Dungeon (4/15)
 Temple: D:4-7

Altars:

Shops:
D:2 [

Annotations:
D:4 Edmund, Natasha


Message History

You shoot a sling bullet.
The sling bullet hits the endoplasm but does no damage.
You shoot a sling bullet. The sling bullet hits the endoplasm.
You kill the endoplasm!
You open the door.
There is an open door here.
There is an open door here.
You now have 167 gold pieces (gained 13).
e - a viscous golden potion
Enter note: Natasha, Servant of Life and Death comes into view.
Enter note: You shoot a sling bullet.
The sling bullet closely misses Natasha.
Natasha hisses angrily.
You hear a shout!
Natasha wildly gestures.
Natasha's front paws start to glow.
Natasha casts a spell at you. The magic dart hits you.
You shoot a sling bullet. The sling bullet barely misses Natasha.
Edmund the Younger comes into view.
He is wielding a +2 dire flail of holy wrath.
You shoot a sling bullet.
The sling bullet hits Edmund but does no damage.
You shoot a sling bullet.
The sling bullet hits Edmund but does no damage.
Edmund hits you with a +2 dire flail of holy wrath!
You shoot a sling bullet.
The sling bullet hits Edmund but does no damage.
Edmund hits you with a +2 dire flail of holy wrath.
Natasha closely misses you.
You shoot a sling bullet. The sling bullet closely misses Edmund.
Edmund hits you with a +2 dire flail of holy wrath.
Natasha claws you!
You shoot a sling bullet.
The sling bullet hits Edmund but does no damage.
Edmund hits you with a +2 dire flail of holy wrath!
Natasha barely misses you.
Edmund hits you with a +2 dire flail of holy wrath!
You die...

#.................#
############.######
#.# #.# #.# #.# #
#.# ##
#####.#.##...#
#.....@@.....#
..###..h.....#
#....##.## ...#.##
.. #####$# ## #.#
#'# ...


You could see Edmund and Natasha.

Vanquished Creatures
  A scorpion (D:3)
  A hound (D:4)
  Natasha (D:4)
  An iguana (D:3)
  A sleepcap (D:4)
  2 adders
  A worm (D:2)
  A dart slug (D:1)
  10 endoplasms
  2 goblins (D:1)
  10 hobgoblins
  3 jackals (D:1)
  A quokka (D:4)
  3 ball pythons
  4 bats
  4 frilled lizards
  2 kobolds
  4 rats
52 creatures vanquished.

Notes
Turn   | Place    | Note
-------+----------+-------------------------------------------
     0 | D:1      | qw the Minotaur Hexslinger began the quest for the Orb.
     0 | D:1      | Reached XP level 1. HP: 16/16 MP: 1/1
     0 | D:1      | 0 ||| qw: Version: 0.3-a-52-g30416fa
     0 | D:1      | 0 ||| qw: Game counter: 6803
     0 | D:1      | 0 ||| qw: Melee chars always use a shield: true
     0 | D:1      | 0 ||| qw: God list: Okawaru
     0 | D:1      | 0 ||| qw: Allow faded altars: false
     0 | D:1      | 0 ||| qw: Do Orc after clearing Dungeon:15 true
     0 | D:1      | 0 ||| qw: Do second Lair branch before Depths: true
     0 | D:1      | 0 ||| qw: Lair rune preference: random
     0 | D:1      | 0 ||| qw: Goals: Normal
     0 | D:1      | 0 ||| PLANNING D:1-11
    94 | D:1      | Reached skill level 3 in Ranged Weapons
    94 | D:1      | Reached XP level 2. HP: 23/23 MP: 2/2
   362 | D:1      | Reached XP level 3. HP: 29/29 MP: 3/3
   688 | D:1      | 688 ||| UPGRADING to +0 ring mail.
   698 | D:1      | 698 ||| DROPPING +0 robe.
   699 | D:1      | 699 ||| READING scroll labelled DUNAAMURIPS.
   700 | D:1      | 700 ||| DROPPING scroll of poison.
   795 | D:2      | Reached skill level 4 in Ranged Weapons
   795 | D:2      | Found Pohenaom's Armour Boutique.
   798 | D:2      | 798 ||| SHOPLISTING +4 robe of Folly {Brill Will-∞ Int+8}
                  | (445 gold, have 35).
  1160 | D:2      | 1160 ||| UPGRADING to amulet of faith.
  1165 | D:2      | 1165 ||| UPGRADING to ring of protection from cold.
  1166 | D:2      | 1166 ||| READING scroll labelled HAOCIWK ZIWU.
  1182 | D:3      | 1182 ||| STAIRDANCE
  1188 | D:2      | Reached skill level 1 in Armour
  1334 | D:3      | Reached XP level 4. HP: 36/36 MP: 4/4
  1521 | D:3      | Noticed a scorpion
  1537 | D:3      | Killed a scorpion
  1538 | D:3      | Reached skill level 5 in Ranged Weapons
  1538 | D:3      | Reached XP level 5. HP: 30/41 MP: 5/5
  2025 | D:3      | 2025 ||| UPGRADING to +0 pair of gloves.
  2030 | D:3      | 2030 ||| UPGRADING to ring of positive energy.
  2031 | D:3      | 2031 ||| READING 2 scrolls of identify.
  2031 | D:3      | 2031 ||| IDENTIFYING black potion
  2032 | D:3      | 2032 ||| DROPPING potion of attraction.
  2081 | D:4      | Noticed Natasha
  2092 | D:4      | Killed Natasha
  2093 | D:4      | Reached skill level 3 in Fighting
  2162 | D:4      | 2162 ||| FLEEEEING.
  2163 | D:4      | 2163 ||| FLEEEEING.
  2164 | D:4      | 2164 ||| FLEEEEING.
  2165 | D:4      | 2165 ||| FLEEEEING.
  2166 | D:4      | 2166 ||| FLEEEEING.
  2167 | D:4      | 2167 ||| FLEEEEING.
  2168 | D:4      | 2168 ||| FLEEEEING.
  2169 | D:4      | 2169 ||| FLEEEEING.
  2170 | D:4      | 2170 ||| FLEEEEING.
  2171 | D:4      | 2171 ||| FLEEEEING.
  2172 | D:4      | 2172 ||| FLEEEEING.
  2173 | D:4      | 2173 ||| FLEEEEING.
  2174 | D:4      | 2174 ||| FLEEEEING.
  2175 | D:4      | 2175 ||| FLEEEEING.
  2176 | D:4      | 2176 ||| FLEEEEING.
  2177 | D:4      | 2177 ||| FLEEEEING.
  2178 | D:4      | 2178 ||| FLEEEEING.
  2179 | D:4      | 2179 ||| FLEEEEING.
  2180 | D:4      | 2180 ||| FLEEEEING.
  2226 | D:4      | Reached skill level 6 in Ranged Weapons
  2418 | D:4      | Noticed Natasha
  2420 | D:4      | Noticed Edmund
  2425 | D:4      | HP: 3/45 [Edmund/+2 dire flail of holy wrath (16)]
  2425 | D:4      | Mangled by Edmund

Levels and vault maps discovered:
D:1:      minmay_arrival_solitary_statue, layout_loops_ring, serial_forest,
          infiniplex_forest_lined_room_2, infiniplex_forest_lined_2,
          infiniplex_forest_corner_1, infiniplex_forest_straight_4,
          infiniplex_forest_clump_large
D:2:      layout_basic, serial_shops, nicolae_shop_behind_doors,
          minmay_misc_feat_x
D:3:      layout_basic
D:4:      layout_loops_corners, amethyst_overflow_temple_binary, uniq_natasha,
          uniq_blork_the_orc, uniq_crazy_yiuf_cottage, uniq_edmund

Skill      XL: |  1  2  3  4  5 |
---------------+----------------+-----
Ranged Weapons | 3 4 5 6 |  6.1
Fighting       | 2 3 |  3.0
Armour         | 1 |  1.0
Dodging        | |  2.1
Spellcasting   | |  1.0
Hexes          | |  2.0

Action                     |  1- 3 |  4- 6 || total
---------------------------+-------+-------++-------
   Fire: Sling             |   122 |    81 ||   203
    Use: Scroll            |     2 |     1 ||     3
 Armour: Robe              |     4 |       ||     4
         Ring mail         |     7 |    11 ||    18
  Dodge: Dodged            |    35 |    36 ||    71

Table legend:
 A = Non-vault XP
 B = Vault XP
 C = Vault XP percentage of total XP
 D = Non-vault monster count
 E = Vault monster count
 F = Vault count percentage of total count
                 A         B        C        D         E       F
            +---------+---------+-------+---------+---------+-------
      Total |     303 |      37 |  10.9 |      51 |       1 |   1.9
            +---------+---------+-------+---------+---------+-------
        D:1 |      47 |       0 |   0.0 |      27 |       0 |   0.0
        D:2 |      33 |       0 |   0.0 |      11 |       0 |   0.0
        D:3 |     140 |       0 |   0.0 |       8 |       0 |   0.0
        D:4 |      83 |      37 |  30.8 |       5 |       1 |  16.7
            +---------+---------+-------+---------+---------+-------
